 Dungeon Crawl Stone Soup version 0.30-a0-561-g1b0378597e (webtiles) character file.

Game seed: 5098227195152420102

1398 HessuHobo the Geomancer (level 8, 0/41 HPs)
             Began as a Gargoyle Earth Elementalist on Dec 28, 2022.
             Slain by a white ugly thing (15 damage)
             ... on level 6 of the Dungeon.
             The game lasted 00:13:34 (7895 turns).

HessuHobo the Geomancer (GrEE)                      Turns: 7895, Time: 00:13:34

Health: 0/41       AC: 10    Str: 12    XL:     8   Next: 69%
Magic:  3/17       EV: 11    Int: 18    God:
Gold:   352        SH:  0    Dex: 10    Spells: 15/19 levels left

rFire   . . .      SeeInvis .    B - +3 dagger of a bazaar {heavy, rPois rC+}
rCold   + . .      Faith    .    (no shield)
rNeg    + . .      Spirit   .    a - +0 robe
rPois   ∞          Reflect  .    (no helmet)
rElec   +          Harm     .    (no cloak)
rCorr   .          Rampage  .    p - +1 pair of gloves
Will    +....                    x - +0 pair of boots
Stlth   ++                       A - amulet of magic regeneration
HPRegen 0.26/turn                w - ring of willpower
MPRegen 0.55/turn                (no ring)

@: no status effects
A: sickness immunity, AC +5, negative energy resistance 1, electricity
resistance, torment resistance 1, petrification resistance
a: no special abilities


You were on level 6 of the Dungeon.
You visited 2 branches of the dungeon, and saw 7 of its levels.

You collected 352 gold pieces.

Inventory:

Hand Weapons
 f - a +0 short sword
 m - a +2 whip of holy wrath
 r - a +0 vampiric short sword
 B - the +3 dagger of a bazaar (weapon) {heavy, rPois rC+}
   (You found it on level 4 of the Dungeon)

   It deals dramatically more damage, but attacks with it are much slower.
   rC:        It protects you from cold.
   rPois:     It protects you from poison.
Missiles
 q - 13 poisoned darts
 s - 6 atropa-tipped darts
 J - 2 throwing nets
Armour
 a - a +0 robe (worn)
 p - a +1 pair of gloves (worn)
 x - a +0 pair of boots (worn)
 H - a +1 pair of gloves
Jewellery
 w - a ring of willpower (left hand)
 A - an amulet of magic regeneration (around neck)
Wands
 u - a wand of flame (26)
 y - a wand of roots (13)
 C - a wand of quicksilver (8)
Scrolls
 b - a scroll of identify
 c - 3 scrolls of silence
 d - a scroll of enchant weapon {unknown}
 e - 2 scrolls of magic mapping {unknown}
 h - 2 scrolls of enchant armour {unknown}
 i - a scroll of amnesia {unknown}
 k - 2 scrolls of blinking
 l - 2 scrolls of fog
 v - 3 scrolls of noise {unknown}
 D - 3 scrolls of fear
 E - a scroll of teleportation {unknown}
 F - a scroll of butterflies {unknown}
 G - a scroll of brand weapon {unknown}
Potions
 g - a potion of resistance {unknown}
 n - 2 potions of mutation
 o - a potion of heal wounds
 t - 4 potions of curing
 z - a potion of brilliance {unknown}
 I - 2 potions of degeneration {unknown}


   Skills:
 - Level 1.5 Dodging
 - Level 2.1 Stealth
 + Level 6.0 Spellcasting
 + Level 5.7 Conjurations
 - Level 0.7 Transmutations
 + Level 8.3 Earth Magic


You had 15 spell levels left.
You knew the following spells:

 Your Spells              Type           Power      Damage    Failure   Level
a - Sandblast             Erth           70%        2d15      1%          1
b - Stone Arrow           Conj/Erth      60%        3d10      1%          3

Your spell library contained the following spells:

 Spells                   Type           Power      Damage    Failure   Level
 Passwall                 Tmut/Erth      17%        N/A       2%          2
 Dazzling Flash           Conj/Hex       30%        N/A       11%         3
 Lee's Rapid Deconstruct  Erth           17%        3d11*     11%         5
 Necrotise                Necr           20%        1d5       12%         1
 Petrify                  Tmut/Erth      21%        N/A       19%         4
 Ignite Poison            Fire/Tmut/Pois 6%         N/A       32%         3
 Kindle Blastsparks       Fire/Tloc/Air  10%        2d10      34%         3
 Vampiric Draining        Necr           5%         2d6       34%         3
 Fulminant Prism          Conj/Hex       7%         3d7       36%         4
 Iskenderun's Mystic Bla  Conj/Tloc      15%        2d5       36%         4
 Sticky Flame             Conj/Fire      15%        2d4       36%         4
 Cause Fear               Hex            2%         N/A       75%         4
 Agony                    Necr           5%         N/A       97%         5
 Starburst                Conj/Fire      7%         6d4       99%         6
 Ignition                 Fire           2%         3d3       100%        8
 Lehudib's Crystal Spear  Conj/Erth      15%        10d5      100%        8


Dungeon Overview and Level Annotations

Branches:
Dungeon (6/15)             Temple (1/1) D:5

Altars:
Ashenzari
Cheibriados
Dithmenos
Elyvilon
Gozag
Hepliaklqana
Kikubaaqudgha
Makhleb
Okawaru
Ru
Sif Muna
Trog
Uskayaw
Vehumet
Wu Jian
Xom
Yredelemnul
Zin
The Shining One

Shops:
D:4 =

Annotations:
D:4 exclusion: downstairs
D:5 exclusion: ogre


Innate Abilities, Weirdness & Mutations

You are immune to sickness and miasma.
Your stone body is resilient. (AC +5)
You are immune to poison.
You resist negative energy. (rN+)
You are resistant to electric shocks. (rElec)
You are resistant to unholy torment.
You are immune to petrification.


Message History

Aiming: Sandblast (safe; 1% risk of failure)
Press: ? - help, Shift-Dir - straight line, f/p - orc warrior
Aim: an orc warrior, wielding a +0 halberd and wearing a +0 chain mail (almost dead, 82% to hit)
The blast of sand hits the orc warrior.
The orc warrior is almost dead.
A white ugly thing comes into view.
The orc warrior hits you from afar with a +0 halberd! x2
* * * LOW HITPOINT WARNING * * *
The white ugly thing moves out of view.
You feel much better. The orc warrior barely misses you.
Casting: Sandblast (safe; 1% risk of failure)
Confirm with . or Enter, or press ? or * to list all spells.
Aiming: Stone Arrow (dangerous; 2% risk of failure)
Press: ? - help, Shift-Dir - straight line, f/p - orc warrior
Aim: an orc warrior, wielding a +0 halberd and wearing a +0 chain mail (almost dead, 71% to hit)
The stone arrow hits the orc warrior!
You kill the orc warrior!
The white ugly thing gurgles horribly!
You hear a shout!
Your Spellcasting skill increases to level 6!
There is a stone staircase leading down here.
Casting: Stone Arrow (safe; 1% risk of failure)
Confirm with . or Enter, or press ? or * to list all spells.
Aiming: Stone Arrow (safe; 1% risk of failure)
Press: ? - help, Shift-Dir - straight line, f - white ugly thing
Aim: a white ugly thing (74% to hit)
The stone arrow hits the white ugly thing!
The white ugly thing is moderately wounded.
The white ugly thing tentacle-slaps you.
The white ugly thing freezes you! You resist.
Casting: Stone Arrow (safe; 1% risk of failure)
Confirm with . or Enter, or press ? or * to list all spells.
Aiming: Sandblast (safe; 1% risk of failure)
Press: ? - help, Shift-Dir - straight line, f/p - white ugly thing
Aim: a white ugly thing (moderately wounded, 84% to hit)
The blast of sand hits the white ugly thing!
The white ugly thing is moderately wounded.
The gnoll hits you from afar with a +0 spear.
The white ugly thing tentacle-slaps you.
The white ugly thing freezes you! You resist.
You die...

............).#...#
..............#.#.#
.........#....#...#
.).......#....#.#)#
..##.#.......##...#
#.##.##...<#..#.#g#
#.##.....#.####g..#
#.##..##.#.# #u###
......##.#.# #.@#
##..####.#.####.##
.....# #.#..#...#
.....# #.##.#.###
.....# #.##.#)##
.....###.......##
.....##.........#
.....##..#####..#
.....#..##(((##.#


You could see a white ugly thing and a gnoll.

Vanquished Creatures
  Duvessa (D:6)
  An orc warrior (D:6)
  2 ogres (D:5)
  A centaur (D:5)
  A phantom (D:5)
  A gnoll sergeant (D:6)
  A necrophage (D:5)
  2 scorpions
  A wight (D:5)
  Dowan (D:6)
  A jelly (D:6)
  3 hounds (D:6)
  Natasha (thrice) (D:3)
  An iguana (D:5)
  3 orc wizards (D:5)
  13 gnolls
  A shadow imp (D:6)
  A white imp (D:4)
  An ufetubus (D:6)
  3 worms
  5 dart slugs
  11 orcs
  3 endoplasms
  2 giant cockroaches
  9 goblins
  7 hobgoblins
  7 quokkas
  4 ball pythons
  5 bats
  5 frilled lizards (D:1)
  8 kobolds
  6 rats
114 creatures vanquished.

Notes
Turn   | Place    | Note
-------+----------+-------------------------------------------
     0 | D:1      | HessuHobo the Gargoyle Earth Elementalist began the quest
                  | for the Orb.
     0 | D:1      | Reached XP level 1. HP: 10/10 MP: 3/3
   261 | D:1      | Reached XP level 2. HP: 15/15 MP: 3/5
   294 | D:1      | Reached skill level 4 in Earth Magic
   780 | D:1      | Reached XP level 3. HP: 19/19 MP: 2/6
  2058 | D:2      | Reached XP level 4. HP: 24/24 MP: 6/8
  2215 | D:2      | Reached skill level 5 in Earth Magic
  2285 | D:2      | Learned a level 3 spell: Stone Arrow
  3160 | D:3      | Found a shimmering altar of Xom.
  4116 | D:3      | Noticed Natasha
  4129 | D:3      | Killed Natasha
  4130 | D:3      | Reached skill level 1 in Conjurations
  4130 | D:3      | Reached XP level 5. HP: 12/28 MP: 1/10
  4213 | D:3      | Found a glowing silver altar of Zin.
  4709 | D:3      | Noticed Natasha
  4714 | D:3      | Killed Natasha
  5065 | D:3      | Noticed Natasha
  5072 | D:3      | Killed Natasha
  5252 | D:4      | Found an iron altar of Okawaru.
  5257 | D:4      | Identified the +3 dagger of a bazaar {heavy, rPois rC+}
  5304 | D:4      | Found Peqenup's Jewellery Shoppe.
  5786 | D:4      | Got the Dissertation on the Spellbinding Geologist
  5958 | D:5      | Entered Level 5 of the Dungeon
  5965 | D:5      | Noticed an ogre
  6021 | D:5      | Found a staircase to the Ecumenical Temple.
  6110 | D:5      | Reached XP level 6. HP: 20/32 MP: 9/12
  6137 | Temple   | Entered the Ecumenical Temple
  6233 | D:5      | Reached skill level 6 in Earth Magic
  6425 | D:5      | Reached XP level 7. HP: 32/36 MP: 8/13
  6662 | D:5      | Found an opulent altar of Gozag.
  7063 | D:5      | Reached skill level 7 in Earth Magic
  7128 | D:5      | Reached skill level 5 in Spellcasting
  7267 | D:6      | Reached XP level 8. HP: 32/41 MP: 11/15
  7586 | D:6      | Reached skill level 5 in Conjurations
  7604 | D:6      | Found a radiant altar of Vehumet.
  7663 | D:6      | Noticed Dowan
  7670 | D:6      | Noticed Duvessa
  7682 | D:6      | Killed Duvessa
  7683 | D:6      | Reached skill level 8 in Earth Magic
  7789 | D:6      | Killed Dowan
  7821 | D:6      | Noticed a +0 dagger
  7821 | D:6      | Noticed a +0 spear
  7822 | D:6      | Noticed a +0 dagger
  7822 | D:6      | Noticed a +0 short sword
  7822 | D:6      | Noticed a +0 falchion
  7822 | D:6      | Noticed a +0 falchion
  7822 | D:6      | Noticed a +0 spear
  7825 | D:6      | Noticed a +0 short sword
  7848 | D:6      | Found a hide-covered altar of Uskayaw.
  7888 | D:6      | Noticed a white ugly thing
  7895 | D:6      | Slain by a white ugly thing

Illustrated notes

Levels and vault maps discovered:
D:1:      nzn_arrival_water_spiral, layout_basic, minmay_tetromino_l2
D:2:      layout_loops_corners
D:3:      layout_loops_corners, overflow_temple_1_default, zin_academy,
          uniq_natasha
D:4:      layout_loops_cross, mainiacjoe_overflow_alcove_1, serial_shops,
          nicolae_shop_window_shopping, dk_noncrumbling_4
D:5:      layout_gridville, grunt_gozag_breadcrumbs,
          minmay_temple_entry_butterflies, kennysheep_potato
D:6:      layout_rooms, nicolae_uskayaw_en_pointe, nicolae_vehumet_radiance,
          nicolae_elemental_shop, hangedman_minor_gate_pass, uniq_duvessa
Temple:   nicolae_temple_ecumenical_triangle

Skill      XL: |  1  2  3  4  5  6  7  8 |
---------------+-------------------------+-----
Earth Magic    | 4 5 6 7 8 |  8.3
Spellcasting   | 3 4 5 6 |  6.0
Conjurations   | 1 2 3 4 5 |  5.7
Dodging        | |  1.5
Stealth        | |  2.1
Transmutations | |  0.7

Action                   |  1- 3 |  4- 6 |  7- 9 || total
-------------------------+-------+-------+-------++-------
Melee: Club              |     2 |       |       ||     2
       Short sword       |     1 |    22 |       ||    23
       Whip              |       |     8 |       ||     8
       Punch             |       |     1 |       ||     1
       Dagger            |       |       |     6 ||     6
 Cast: Sandblast         |    55 |    76 |    40 ||   171
       Stone Arrow       |       |     2 |    45 ||    47
  Use: Scroll            |       |     2 |     6 ||     8
       Potion            |       |       |     2 ||     2
Armor: Robe              |     6 |    20 |    33 ||    59
Dodge: Dodged            |    10 |    28 |    37 ||    75

Table legend: (Time is in decaauts)
 A = Elapsed time spent in this place.
 B = Non-inter-level travel time spent in this place.
 C = Inter-level travel time spent in this place.
 D = Time resting spent in this place.
 E = Time spent auto-exploring this place.
 F = Levels seen in this place.
 G = Mean time per level.
                   A        B        C        D        E       F      G
               +--------+--------+--------+--------+--------+-----+--------+
         Total |   7989 |   7287 |    702 |   2591 |   3730 |   7 | 1141.3 |
       Dungeon |   7926 |   7241 |    685 |   2572 |   3712 |   6 | 1321.0 |
        Temple |     62 |     45 |     17 |     19 |     18 |   1 |   62.0 |
               +--------+--------+--------+--------+--------+-----+--------+

Top non-repeatable levels by time:
     D:3: 2073 daAuts
     D:1: 1845 daAuts
     D:2: 1354 daAuts
     D:5: 1309 daAuts
     D:4: 775 daAuts
     D:6: 568 daAuts
  Temple: 62 daAuts
